 Dungeon Crawl Stone Soup version 0.26-b1-32-g5d43845318 (webtiles) character file.

Game seed: 9775764165952083175

49513 wakim the Eclecticist (level 14, -19/68 HPs)
             Began as a Deep Elf Conjurer on Jan 10, 2021.
             Was an Elder of Sif Muna.
             Demolished by a death yak (28 damage)
             ... on level 6 of the Lair of Beasts.
             The game lasted 01:54:56 (20269 turns).

wakim the Eclecticist (Deep Elf Conjurer)          Turns: 20269, Time: 01:54:56

Health: -19/68     AC:  5    Str:  6    XL:     14   Next: 16%
Magic:  36/36      EV: 16    Int: 27    God:    Sif Muna [****..]
Gold:   620        SH:  8    Dex: 13    Spells: 23/45 levels left

rFire    . . .     SeeInvis +   w - staff of conjuration
rCold    . . .     Faith    .   E - +3 warlock's mirror {reflect}
rNeg     . . .     Spirit   .   c - +2 robe {Will+}
rPois    .         Reflect  +   (helmet restricted)
rElec    +         Harm     .   (no cloak)
rCorr    .         Rampage  .   (no gloves)
Will     +++..                  x - +0 pair of boots (curse)
Stlth    ++++......             B - amulet of regeneration
HPRegen  0.61/turn              n - ring "Qigh" {Ice rElec Will+ SInv Stlth+}
MPRegen  0.25/turn              y - ring of fire

@: lethally poisoned (-19 -> -22)
A: horns 1, blurry vision 1, sturdy frame 1
a: Renounce Religion, Channel Magic, Forget Spell, Divine Exegesis


You were on level 6 of the Lair of Beasts.
You worshipped Sif Muna.
Sif Muna was greatly pleased with you.
You visited 3 branches of the dungeon, and saw 18 of its levels.
You also visited: Ossuary.

You collected 1100 gold pieces.
You spent 480 gold pieces at shops.

Inventory:

Hand Weapons
 a - a +3 dagger of protection
 b - a +5 hand axe of freezing
Armour
 c - a +2 robe of willpower (worn)
 g - +1 acid dragon scales
 x - a cursed +0 pair of boots (worn)
 E - the +3 warlock's mirror (worn) {reflect}
   (You bought it in a shop on level 11 of the Dungeon)
Magical Staves
 w - an uncursed staff of conjuration (weapon)
Jewellery
 n - the ring "Qigh" (left hand) {Ice rElec Will+ SInv Stlth+}
   (You found it on level 9 of the Dungeon)

   [ring of ice]

   It enhances your ice magic.
   It makes you vulnerable to fire.
   It protects you from cold.
   It insulates you from electricity.
   It affects your willpower, your defense against some magical effects.
   It lets you see invisible.
   It makes you more stealthy.
 o - an uncursed amulet of guardian spirit
 s - an uncursed ring of protection from cold
 t - a +6 ring of dexterity
 y - a ring of fire (right hand)
 B - an amulet of regeneration (around neck)
 C - an uncursed ring of wizardry
 F - a +6 ring of intelligence
Wands
 d - a wand of paralysis (6)
 k - a wand of disintegration (12)
 G - a wand of enslavement (10)
Scrolls
 e - 5 scrolls of fear
 h - 6 scrolls of teleportation
 i - 7 scrolls of identify
 j - a scroll of fog
 m - a scroll of magic mapping
 u - 4 scrolls of remove curse
 D - a scroll of amnesia
Potions
 f - 3 potions of curing
 l - 3 potions of haste
 p - a potion of invisibility
 q - a potion of brilliance
 r - 7 potions of heal wounds
 v - 3 potions of flight
 z - 3 potions of ambrosia
 A - 3 potions of might


   Skills:
 - Level 8.0 Dodging
 - Level 5.3 Stealth
 - Level 5.0 Shields
 - Level 16.0 Spellcasting
 - Level 12.0 Conjurations
 - Level 6.0 Hexes
 - Level 7.0 Translocations
 * Level 10.3 Fire Magic
 - Level 12.0 Invocations


You had 23 spell levels left.
You knew the following spells:

 Your Spells              Type           Power        Failure   Level
a - Magic Dart            Conj           100%         0%          1
b - Searing Ray           Conj           100%         1%          2
c - Fulminant Prism       Conj/Hex       40%          1%          4
d - Iskenderun's Mystic   Conj/Tloc      83%          1%          4
e - Fireball              Conj/Fire      55%          1%          5
f - Starburst             Conj/Fire      55%          3%          6

Your spell library contained the following spells:

 Spells                   Type           Power        Failure   Level
 Corona                   Hex            57%          1%          1
 Foxfire                  Conj/Fire      100%         1%          1
 Blink                    Tloc           N/A          1%          2
 Ensorcelled Hibernation  Hex/Ice        100%         1%          2
 Confusing Touch          Hex            52%          1%          3
 Dazzling Flash           Conj/Hex       100%         1%          3
 Gell's Gravitas          Tloc           28%          1%          3
 Ignite Poison            Fire/Tmut/Pois 57%          1%          3
 Teleport Other           Tloc           56%          1%          3
 Tukima's Dance           Hex            52%          1%          3
 Cause Fear               Hex            26%          1%          4
 Hailstorm                Conj/Ice       88%          1%          4
 Beastly Appendage        Tmut           42%          2%          1
 Freeze                   Ice            100%         2%          1
 Passwall                 Tmut/Erth      17%          3%          2
 Wereblood                Tmut           21%          3%          2
 Ozocubu's Armour         Ice            32%          7%          3
 Spider Form              Tmut/Pois      10%          7%          3
 Silence                  Hex/Air        18%          19%         5
 Yara's Violent Unravell  Hex/Tmut       18%          19%         5
 Dispersal                Tloc           28%          21%         6
 Ice Form                 Ice/Tmut       32%          22%         4
 Blade Hands              Tmut           10%          54%         5
 Freezing Cloud           Conj/Ice/Air   38%          56%         6
 Ignition                 Fire           43%          92%         8
 Simulacrum               Ice/Necr       16%          98%         6
 Discord                  Hex            26%          100%        8


Dungeon Overview and Level Annotations

Branches:
Dungeon (11/15)            Temple (1/1) D:5            Lair (6/6) D:11
 Shoals (0/4) Lair:4        Snake (0/4) Lair:2        Slime (0/5) Lair:5
    Orc (0/2) D:11        Ossuary (visited)

Altars:
Ashenzari
Dithmenos
Elyvilon
Fedhas
Gozag
Hepliaklqana
Kikubaaqudgha
Makhleb
Nemelex Xobeh
Okawaru
Qazlal
Ru
Sif Muna
Trog
Uskayaw
Vehumet
Wu Jian
Xom
Yredelemnul
Zin
The Shining One
Beogh

Shops:
D:4 *?(   D:5 !   D:11 [

Annotations:
D:5 2 runed translucent doors
Lair:4 exclusion: 3 oklob plants


Innate Abilities, Weirdness & Mutations

You have a pair of small horns on your head.
Scrolls take you a little longer to read.
Your movements are slightly less encumbered by armour. (ER -2)


Message History

You start resting.
HP restored.
You start resting.
Magic restored.
There is a stone staircase leading down, spattered with blood here.
You climb downwards.
The death yak gores you!! You block the death yak's attack.
The elephant tramples you!
* * * LOW HITPOINT WARNING * * *
You hold your ground!
The elephant barely misses you. The cane toad stings you.
* * * LOW HITPOINT WARNING * * *
You are poisoned.
The cane toad poisons you! You block the death yak's attack.
A death yak comes into view.
The death yak gores you!
* * * LOW HITPOINT WARNING * * *
The death yak gores you.
* * * LOW HITPOINT WARNING * * *
A death yak comes into view.
The death yak gores you!!
You die...

..#........Y.Y
.............
P........... .
##.......†...
..#....†.......
.......†.......
.#....Y.†......
.....FY@YF.<...
....P.YYY......
#..............
.......}..†....
......#........
.P...####.####.
..... ## .....


You could see 7 death yaks, an elephant and 2 cane toads.

Vanquished Creatures
  Rupert (Lair:5)
  2 hydras
  Erica (Lair:2)
  2 two-headed ogres
  7 death yaks
  Sonja (Lair:2)
  4 skeletal warriors (D:11)
  An ugly thing (D:11)
  A cyclops (D:11)
  An oklob plant (Lair:5)
  16 elephants
  A centaur zombie (D:11)
  A torpor snail (Lair:5)
  7 cane toads
  A gargoyle (D:11)
  Maggie (D:9)
  10 rime drakes
  4 komodo dragons
  2 trolls (D:10)
  A polar bear (Lair:2)
  A hornet (Lair:5)
  11 blink frogs
  45 yaks
  6 wyverns
  Eustachio (D:5)
  13 basilisks
  A steam dragon (Lair:3)
  Menkaure (D:7)
  5 nagas (Lair:2)
  16 water moccasins
  6 orc warriors
  2 black bears
  2 ice beasts
  A necrophage (D:10)
  3 sky beasts
  11 ogres
  A phantom (D:8)
  12 centaurs
  6 wolves
  2 elf zombies (Ossuary)
  3 big kobolds
  16 bullfrogs
  A wyvern zombie (D:6)
  5 scorpions
  A wyvern skeleton (D:7)
  6 killer bees
  A water moccasin skeleton (D:7)
  24 wights
  2 lava snakes (D:9)
  5 electric eels
  4 howler monkeys
  2 human zombies (Ossuary)
  3 quasits
  5 jellies
  11 orc priests
  2 centaur skeletons
  9 hounds
  14 orc wizards
  4 hell rats
  4 worker ants
  2 big kobold zombies (Ossuary)
  4 hound skeletons
  2 mummies (Ossuary)
  A howler monkey zombie (D:11)
  A worker ant zombie (D:10)
  12 gnolls
  12 adders
  7 river rats (Lair:3)
  A white imp (D:7)
  2 ufetubi
  4 oozes (Lair:5)
  An adder skeleton (D:5)
  2 adder zombies (Ossuary)
  4 worms
  4 dart slugs
  5 leopard geckos
  50 orcs
  2 giant cockroaches (D:5)
  6 goblins
  8 hobgoblins
  3 jackals
  5 quokkas
  A ball python (D:6)
  8 bats
  6 frilled lizards
  A giant cockroach zombie (D:3)
  A goblin zombie (Ossuary)
  7 hobgoblin zombies (Ossuary)
  25 kobolds
  13 kobold zombies (Ossuary)
  6 orc zombies (Ossuary)
  A quokka zombie (D:7)
  9 rats
  A rat zombie (Ossuary)
  6 bushes (Lair:5)
556 creatures vanquished.

Vanquished Creatures (others)
  A cane toad (Lair:5)
  130 fulminant prisms
  73 fungi
  148 plants
352 creatures vanquished.

Grand Total: 908 creatures vanquished

Notes
Turn   | Place    | Note
-------+----------+-------------------------------------------
     0 | D:1      | wakim the Deep Elf Conjurer began the quest for the Orb.
     0 | D:1      | Reached XP level 1. HP: 10/10 MP: 6/6
   153 | D:1      | Reached XP level 2. HP: 15/15 MP: 0/8
   222 | D:1      | Learned a level 2 spell: Searing Ray
   285 | D:1      | You fall into a shaft and drop 1 floor!
   316 | D:2      | Found a broken altar of Ashenzari.
   373 | D:2      | Reached skill level 5 in Conjurations
   754 | D:1      | Reached XP level 3. HP: 19/19 MP: 3/10
  1089 | D:2      | Found a white marble altar of Elyvilon.
  1101 | D:2      | Reached skill level 4 in Spellcasting
  1474 | D:3      | Reached XP level 4. HP: 24/24 MP: 4/12
  1481 | D:3      | Learned a level 4 spell: Fulminant Prism
  1484 | D:3      | Noticed an ogre
  1651 | D:3      | Found a shimmering altar of Xom.
  1792 | D:3      | Found an ancient bone altar of Kikubaaqudgha.
  1933 | D:3      | Killed an ogre
  1934 | D:3      | Reached skill level 1 in Hexes
  1934 | D:3      | Reached XP level 5. HP: 28/28 MP: 3/14
  2314 | D:3      | Found a bloodstained altar of Trog.
  2604 | D:3      | Gained mutation: Scrolls take you a little longer to read.
                  | [potion of mutation]
  2604 | D:3      | Gained mutation: You have a pair of small horns on your
                  | head. [potion of mutation]
  2604 | D:3      | Gained mutation: Your movements are slightly less
                  | encumbered by armour. (ER -2) [potion of mutation]
  2851 | D:4      | Reached skill level 5 in Spellcasting
  2865 | D:4      | Noticed an ogre
  2871 | D:4      | Killed an ogre
  2872 | D:4      | Reached XP level 6. HP: 31/32 MP: 4/15
  3026 | D:4      | Found Ways's Assorted Antiques.
  3168 | D:4      | Found Abucs's Weapon Emporium.
  3220 | D:4      | Found a basalt altar of Yredelemnul.
  3314 | D:4      | Found an iron altar of Okawaru.
  3328 | D:4      | Found a glowing silver altar of Zin.
  3398 | D:4      | Found Veixzom's Magic Scroll Shop.
  3432 | D:4      | Learned a level 4 spell: Iskenderun's Mystic Blast
  3522 | D:4      | Reached XP level 7. HP: 27/36 MP: 12/17
  3704 | D:5      | Entered Level 5 of the Dungeon
  3704 | D:5      | Noticed Eustachio
  3856 | D:5      | Reached skill level 1 in Translocations
  3865 | D:5      | Reached skill level 6 in Spellcasting
  4034 | D:5      | Found a runed translucent door.
  4038 | D:5      | Reached skill level 1 in Shields
  4042 | D:5      | Found a runed translucent door.
  4123 | D:5      | Found a stormy altar of Qazlal.
  4135 | D:5      | Killed Eustachio
  4136 | D:5      | Reached XP level 8. HP: 33/41 MP: 4/19
  4262 | D:5      | Found Puge's Distillery.
  4307 | D:5      | Reached skill level 5 in Stealth
  4310 | D:5      | Found a staircase to the Ecumenical Temple.
  4403 | Temple   | Entered the Ecumenical Temple
  4427 | Temple   | Became a worshipper of Sif Muna the Loreminder
  5076 | D:6      | Reached skill level 5 in Hexes
  5076 | D:6      | Reached skill level 1 in Invocations
  5086 | D:6      | Reached skill level 7 in Spellcasting
  5437 | D:6      | Found a stormy altar of Qazlal.
  5440 | D:6      | Noticed an air elemental
  5606 | D:6      | Reached XP level 9. HP: 45/45 MP: 12/22
  6159 | D:7      | Reached skill level 8 in Spellcasting
  6173 | D:7      | Noticed Menkaure
  6250 | D:7      | Killed Menkaure
  6250 | D:7      | Reached * piety under Sif Muna
  6861 | D:7      | Reached skill level 9 in Spellcasting
  6862 | D:7      | Reached skill level 5 in Invocations
  7125 | D:7      | Found a sparkling altar of Nemelex Xobeh.
  7673 | D:8      | Reached ** piety under Sif Muna
  7698 | D:8      | Found a sand-covered staircase.
  7745 | Ossuary  | Entered an ossuary
  7994 | Ossuary  | Reached XP level 10. HP: 48/50 MP: 7/25
  8045 | Ossuary  | Reached *** piety under Sif Muna
  8389 | D:8      | Reached skill level 10 in Spellcasting
  8637 | D:8      | Found a burning altar of Makhleb.
  9296 | D:9      | Got a coiled steel ring
  9308 | D:9      | Identified the ring "Qigh" {Ice rElec Will+ SInv Stlth+}
                  | (You found it on level 9 of the Dungeon)
  9921 | D:9      | Reached skill level 11 in Spellcasting
 10158 | D:9      | Reached **** piety under Sif Muna
 10262 | D:9      | Noticed Maggie
 10277 | D:9      | Killed Maggie
 10278 | D:9      | Reached skill level 10 in Conjurations
 10459 | D:10     | Entered Level 10 of the Dungeon
 11136 | D:10     | Noticed a two-headed ogre
 11148 | D:10     | Killed a two-headed ogre
 11149 | D:10     | Reached XP level 11. HP: 54/54 MP: 6/28
 11546 | D:10     | Reached skill level 5 in Shields
 12013 | D:11     | Reached skill level 12 in Spellcasting
 12161 | D:11     | Noticed a white ugly thing
 12296 | D:11     | Killed a white ugly thing
 12297 | D:11     | Reached skill level 5 in Translocations
 12856 | D:11     | Found a staircase to the Lair.
 13005 | D:11     | Noticed a skeletal warrior
 13006 | D:11     | Noticed a skeletal warrior
 13011 | D:11     | Noticed a skeletal warrior
 13011 | D:11     | Noticed a skeletal warrior
 13012 | D:11     | Noticed a two-headed ogre
 13024 | D:11     | Killed a skeletal warrior
 13037 | D:11     | Killed a skeletal warrior
 13042 | D:11     | Killed a skeletal warrior
 13043 | D:11     | Killed a two-headed ogre
 13044 | D:11     | Reached skill level 13 in Spellcasting
 13057 | D:11     | Killed a skeletal warrior
 13058 | D:11     | Reached skill level 10 in Invocations
 13340 | D:11     | Found Poriobas's Armour Emporium.
 13347 | D:11     | Bought the +3 warlock's mirror {reflect} for 480 gold
                  | pieces
 13347 | D:11     | Found the +3 warlock's mirror {reflect}
 13374 | D:11     | Found a staircase to the Orcish Mines.
 13388 | D:11     | Found a roughly hewn altar of Beogh.
 13502 | D:11     | Reached XP level 12. HP: 52/59 MP: 11/31
 13682 | D:11     | Reached ***** piety under Sif Muna
 13821 | Lair:1   | Entered Level 1 of the Lair of Beasts
 14028 | Lair:1   | Identified Qahiotz's Volume of Moulding and the Voyage (Sif
                  | Muna gifted it to you on level 1 of the Lair of Beasts)
 14028 | Lair:1   | Received a gift from Sif Muna
 14029 | Lair:1   | Reached skill level 14 in Spellcasting
 14165 | Lair:1   | Found a gate leading to a gauntlet.
 14562 | Lair:1   | Reached skill level 5 in Dodging
 14702 | Lair:2   | Noticed Erica
 14711 | Lair:2   | Killed Erica
 14941 | Lair:2   | Noticed Sonja
 14943 | Lair:2   | Killed Sonja
 14944 | Lair:2   | Reached skill level 15 in Spellcasting
 15295 | Lair:2   | Learned a level 5 spell: Fireball
 15302 | Lair:2   | Learned a level 6 spell: Starburst
 15488 | Lair:2   | Found a staircase to the Snake Pit.
 15586 | Lair:2   | Noticed a death yak
 15586 | Lair:2   | Noticed a death yak
 15587 | Lair:2   | Noticed a death yak
 15592 | Lair:2   | Killed a death yak
 15593 | Lair:2   | Reached skill level 1 in Fire Magic
 15594 | Lair:2   | Killed a death yak
 15595 | Lair:2   | Reached XP level 13. HP: 63/63 MP: 18/34
 17998 | Lair:4   | Reached skill level 5 in Fire Magic
 18323 | Lair:4   | Found a staircase to the Shoals.
 18415 | Lair:4   | Identified Sif Muna's Catalogue of Congealing Ignition (Sif
                  | Muna gifted it to you on level 4 of the Lair of Beasts)
 18415 | Lair:4   | Received a gift from Sif Muna
 19022 | Lair:5   | Noticed Rupert
 19188 | Lair:5   | Reached skill level 16 in Spellcasting
 19359 | Lair:5   | Killed Rupert
 19650 | Lair:5   | Found a staircase to the Slime Pits.
 19891 | Lair:5   | Reached XP level 14. HP: 68/68 MP: 24/36
 20130 | Lair:6   | Entered Level 6 of the Lair of Beasts
 20138 | Lair:6   | Reached skill level 10 in Fire Magic
 20269 | Lair:6   | Demolished by a death yak

Illustrated notes

Levels and vault maps discovered:
D:1:      saegor_arrival_simple_e, layout_loops_ring
D:2:      layout_loops_cross, evilmike_ruin_ashenzari, lemuel_crystal_altar
D:3:      layout_basic, general_overflow_altar, lemuel_coloured_pillars_altar,
          lemuel_doored_altar
D:4:      layout_loops_ring, overflow_temple_1_default,
          okawaru_metal_pillars_1_2, lemuel_crystal_altar, serial_shops,
          nicolae_shop_window_shopping, nicolae_shop_crystal, shop,
          minmay_quadrilaterals
D:5:      lemuel_insect_pit, layout_rooms, minmay_temple_entry_hall,
          serial_shops, nicolae_shop_crystal, basic_altar, uniq_eustachio
D:6:      layout_basic, minmay_misc_feat_columns,
          chequers_serial_rivers_small_b, kennysheep_flooded_box,
          nicolae_qazlal_style_of_elements
D:7:      layout_loops_ring, nemelex_xobeh_ov_fountains_minmay, uniq_menkaure
D:8:      layout_rooms, lemuel_crystal_altar, enter_ossuary_3
D:9:      layout_loops_corners, grunt_decor_junction, uniq_maggie
D:10:     layout_roguey, serial_bayou, serial_bayou_shore_b,
          serial_bayou_lagoon_a, serial_bayou_shore_b, serial_bayou_pond_b
D:11:     layout_long_grid, due_lair_maze_entry_diamond,
          minmay_orc_entry_temple_small, serial_shops, nicolae_shop_statue_plus
Temple:   minmay_temple_bridge_abc
Lair:1:   layout_cave_shapes, gauntlet_entry_generic, st_stairs_8,
          nicolae_quartered_pool_super, chequers_serial_rivers_small_a,
          grunt_megastairs_4
Lair:2:   layout_cave_pods, minmay_snake_entry_guardpost_medium,
          wad_woods_road_04, infiniplex_staircase_pool_2, uniq_erica, uniq_sonja
Lair:3:   layout_regular_city, kennysheep_rathole, grunt_megastairs_2
Lair:4:   layout_hall_layers, shoals_dummy_entry, special_room
          [special_room_mythical_zoo], cheibrodos_lair_caveside_slide,
          chequers_serial_rivers_large_a, serial_bayou_shore_a,
          minmay_lair_oklob_chamber, grunt_megastairs_3, lemuel_fruit_tree
Lair:5:   layout_roguey, nicolae_slime_entry_slimehenge,
          minmay_lair_oklob_bushes, chequers_serial_rivers_micro_b, uniq_rupert
Lair:6:   grunt_lair_end_beastmaster, layout_cave_pods,
          grunt_forest_large_clearings

Skill      XL: |  1  2  3  4  5  6  7  8  9 10 11 12 13 14 |
---------------+-------------------------------------------+-----
Conjurations   | 5 6 7 8 9 10 11 12 | 12.0
Spellcasting   | 4 5 6 7 9 11 13 15 16 | 16.0
Hexes          | 1 2 3 4 5 6 |  6.0
Stealth        | 4 5 |  5.3
Translocations | 2 3 4 6 7 |  7.0
Shields        | 1 2 3 4 5 |  5.0
Invocations    | 2 5 8 10 11 12 | 12.0
Dodging        | 6 8 |  8.0
Fire Magic     | 1 9 10 | 10.3

Action                   |  1- 3 |  4- 6 |  7- 9 | 10-12 | 13-15 || total
-------------------------+-------+-------+-------+-------+-------++-------
Melee: Dagger            |    10 |     1 |     3 |     3 |       ||    17
       Headbutt          |       |       |     1 |     5 |     4 ||    10
       Staff             |       |       |       |    27 |    22 ||    49
 Cast: Magic Dart        |    67 |    21 |     7 |       |       ||    95
       Searing Ray       |     6 |    20 |    75 |    95 |    21 ||   217
       Fulminant Prism   |       |     1 |    25 |    89 |    15 ||   130
       Iskenderun's Myst |       |       |    11 |    77 |    51 ||   139
       Fireball          |       |       |       |     1 |    67 ||    68
       Starburst         |       |       |       |       |     3 ||     3
Invok: Channel Magic     |       |       |     1 |     5 |     4 ||    10
  Use: Scroll            |       |     6 |     9 |     7 |     2 ||    24
       Potion            |       |     3 |       |     6 |       ||     9
 Stab: Petrified         |       |       |       |       |     6 ||     6
Armor: Robe              |     2 |       |     4 |    17 |     4 ||    27
Dodge: Dodged            |    14 |     7 |    20 |    52 |    23 ||   116
Block: Kite shield       |       |     2 |       |    23 |       ||    25
       Buckler           |       |       |       |    28 |    20 ||    48
       Reflection        |       |       |       |     3 |     4 ||     7
